 Dungeon Crawl Stone Soup version 0.23.1-42-g8abd8fc (webtiles) character file.

Game seed: 1302933113207396555

723 markt42 the Cudgeler (level 7, 0/47 HPs)
             Began as a Gargoyle Fighter on Mar 30, 2019.
             Slain by grocchini's ghost (5 damage)
             ... on level 5 of the Dungeon.
             The game lasted 00:05:09 (4812 turns).

markt42 the Cudgeler (Gargoyle Fighter)             Turns: 4812, Time: 00:05:09

Health: 0/47       AC: 14    Str: 19    XL:     7   Next: 71%
Magic:  7/7        EV: 11    Int:  7    God:
Gold:   298        SH:  9    Dex: 11    Spells: 6/6 levels left

rFire    . . .     SeeInvis +   a - +1 flail
rCold    . . .     Gourm    .   c - +0 shield
rNeg     + . .     Faith    .   b - +0 scale mail
rPois    ∞         Spirit   .   h - +0 helmet
rElec    +         Reflect  .   (no cloak)
rCorr    .         Harm     .   t - +0 pair of gloves
MR       .....                  (no boots)
Stlth    ..........             (no amulet)
HPRegen  0.15/turn              k - ring of see invisible
MPRegen  0.10/turn              n - +3 ring of evasion

@: hasted, very quick
A: dopey 1, negative energy resistance 1, robust 1, electricity resistance,
unbreathing, petrification resistance, rot immunity, AC +4
a: no special abilities


You were on level 5 of the Dungeon.
You were not hungry.

You visited 1 branch of the dungeon, and saw 5 of its levels.

You collected 298 gold pieces.

Inventory:

Hand Weapons
 a - a +1 flail (weapon)
Armour
 b - a +0 scale mail (worn)
 c - a +0 shield (worn)
 h - a +0 helmet (worn)
 t - a +0 pair of gloves (worn)
Jewellery
 k - a ring of see invisible (left hand)
 n - a +3 ring of evasion (right hand)
Scrolls
 i - a scroll of identify
 m - a scroll of remove curse
 u - a scroll of amnesia {unknown}
 v - a scroll of random uselessness {unknown}
Potions
 e - a potion of flight
Comestibles
 f - 11 rations


   Skills:
 + Level 4.0 Fighting
 * Level 6.0 Maces & Flails
 * Level 5.7 Armour
 + Level 1.3 Dodging
 + Level 4.5 Shields


You had 6 spell levels left.
You didn't know any spells.
Your spell library was empty.

Dungeon Overview and Level Annotations

Branches:
Dungeon (5/15)
 Temple: D:4-7

Altars:
Cheibriados
Dithmenos
Hepliaklqana
Ru
Wu Jian
Xom
Yredelemnul

Annotations:
D:5 grocchini's ghost, novice MiFi


Innate Abilities, Weirdness & Mutations

You are resistant to torment.
Your stone body is resilient. (AC +4)
You are immune to poison.
You resist negative energy. (rN+)
You are resistant to electric shocks. (rElec)
You can survive without breathing.
You are immune to petrification.
You are immune to rotting.
You are dopey. (Int -2)
You are robust. (+10% HP)


Message History

Sorry, you're not good enough to have a special ability.
As you read the scroll labeled JEABRA VOIXOI, it crumbles to dust.
You feel momentarily disoriented.
It was a scroll of magic mapping.
Grocchini's ghost wails.
Grocchini's ghost closely misses you.
As you read the scroll labeled IDGHOJY ZIOGGI, it crumbles to dust.
It is a scroll of identify.
m - a scroll of remove curse
As you read the scroll labeled SEZEF ONEET, it crumbles to dust.
It is a scroll of enchant weapon.
Your +0 flail glows red for a moment.
Grocchini's ghost hits you but does no damage.
As you read the scroll labeled ETUPIG SIRAN, it crumbles to dust.
You assume a fearsome visage.
The kobold looks frightened! x2
The big kobold looks frightened!
Grocchini's ghost is unaffected.
The kobold looks frightened! x2; It was a scroll of fear.
As you read the scroll labeled VIUFUM POAZ, it crumbles to dust.
The creatures around you are filled with an inner flame!
It was a scroll of immolation.
Grocchini's ghost hits you.
You die...

# #.# #### #.# # ### #.#
#..######.### ## .<#### #.#
#.##.⌠.##...# ##. .....#
#(#######.#.#.#.###.# #..
..##.# #........K'KK#..$##.#
##.
#.##.###.######..K.....?##.###
## .........#
##KKKK#K..#....#### ..##)#####
#W#.#.#.###.#..... #.##.#
#@##K⌠.##...###### #.##.#
#..########## # ..##.# #### #
.>...# ####### ###### #......
# #.##### ##### ########.#####
....# #...........## .##)#
#.##.#.#.##...


You could see a big kobold (inner flame), grocchini's ghost (inner flame) and 8
kobolds.

Vanquished Creatures
  An ice beast (D:5)
  A howler monkey (D:5)
  4 crimson imps (D:5)
  2 hounds
  A jelly (D:5)
  An orc priest (D:3)
  3 worker ants (D:5)
  Natasha (thrice) (D:3)
  8 adders
  2 oozes
  An adder skeleton (D:5)
  4 worms
  6 dart slugs
  A leopard gecko (D:1)
  5 orcs
  A ball python (D:1)
  3 bats (D:1)
  4 giant cockroaches
  2 gnoll zombies (D:4)
  9 goblins
  7 hobgoblins
  7 jackals
  2 quokkas
  6 frilled lizards
  9 kobolds
  A leopard gecko skeleton (D:5)
  A quokka skeleton (D:5)
  2 rats
  2 toadstools (D:1)
99 creatures vanquished.

Vanquished Creatures (others)
  2 toadstools (D:1)
2 creatures vanquished.

Grand Total: 101 creatures vanquished

Notes
Turn   | Place    | Note
-------+----------+-------------------------------------------
     0 | D:1      | markt42 the Gargoyle Fighter began the quest for the Orb.
     0 | D:1      | Reached XP level 1. HP: 14/14 MP: 1/1
   173 | D:1      | Reached XP level 2. HP: 18/19 MP: 2/2
   424 | D:1      | Reached XP level 3. HP: 23/23 MP: 3/3
   856 | D:2      | Reached XP level 4. HP: 28/28 MP: 4/4
   888 | D:2      | Reached skill level 3 in Maces & Flails
   997 | D:2      | Found an ornate altar of the Wu Jian Council.
  1330 | D:2      | Found a sacrificial altar of Ru.
  1359 | D:2      | Found a snail-covered altar of Cheibriados.
  1383 | D:2      | Found a faded altar of an unknown god.
  1619 | D:2      | Reached XP level 5. HP: 33/33 MP: 5/5
  2279 | D:3      | Found a shimmering altar of Xom.
  2280 | D:3      | Found a hazy altar of Hepliaklqana.
  2281 | D:3      | Noticed a spectral ugly thing
  2430 | D:3      | Noticed Natasha
  2432 | D:3      | Found a glowing drain.
  2447 | D:3      | Killed Natasha
  2867 | D:3      | Noticed Natasha
  2873 | D:3      | Killed Natasha
  2873 | D:3      | Reached skill level 5 in Armour
  2879 | D:3      | Reached XP level 6. HP: 37/38 MP: 6/6
  2966 | D:3      | Reached skill level 4 in Maces & Flails
  3103 | D:3      | Noticed Natasha
  3114 | D:3      | Killed Natasha
  3173 | D:4      | Found a shadowy altar of Dithmenos.
  3467 | D:4      | Found a basalt altar of Yredelemnul.
  3641 | D:5      | Entered Level 5 of the Dungeon
  3747 | D:5      | Reached skill level 1 in Dodging
  3821 | D:5      | Reached skill level 5 in Maces & Flails
  3821 | D:5      | Reached XP level 7. HP: 30/42 MP: 7/7
  4364 | D:5      | Reached skill level 6 in Maces & Flails
  4457 | D:5      | Found a runed translucent gate.
  4457 | D:5      | Found a runed translucent gate.
  4459 | D:5      | Found a runed translucent gate.
  4459 | D:5      | Noticed grocchini's ghost (novice MiFi)
  4805 | D:5      | Gained mutation: You are dopey. (Int -2) [potion of
                  | mutation]
  4805 | D:5      | Gained mutation: You are robust. (+10% HP) [potion of
                  | mutation]
  4812 | D:5      | Slain by grocchini's ghost

Skill      XL: |  1  2  3  4  5  6  7 |
---------------+----------------------+-----
Maces & Flails | 3 5 6 |  6.0
Armour         | 4 5 |  5.7
Shields        | 4 |  4.5
Dodging        | 1 |  1.3
Fighting       | 4 |  4.0

Action                   |  1- 3 |  4- 6 |  7- 9 || total
-------------------------+-------+-------+-------++-------
Melee: Flail             |   133 |   301 |    71 ||   505
  Use: Potion            |       |       |     6 ||     6
       Scroll            |       |       |     5 ||     5
  Eat: Ration            |       |     1 |     1 ||     2
       Chunk             |       |     7 |       ||     7
Armor: Scale mail        |    70 |   151 |    29 ||   250
Dodge: Dodged            |    50 |    96 |    28 ||   174
Block: Shield            |    58 |   136 |    21 ||   215
